 Dungeon Crawl Stone Soup version 0.27.1-33-g824d729ab1 (webtiles) character file.

Game seed: 3599617683474924356

72 lonewolfV2 the Insei (level 4, -5/28 HPs)
             Began as an Octopode Transmuter on Dec 15, 2021.
             Slain by a gnoll (9 damage)
             ... on level 4 of the Dungeon.
             The game lasted 00:08:30 (3527 turns).

lonewolfV2 the Insei (Octopode Transmuter)          Turns: 3527, Time: 00:08:31

Health: -5/28      AC:  1    Str:  9    XL:     4   Next: 26%
Magic:  3/7        EV: 13    Int: 16    God:
Gold:   108        SH:  0    Dex: 12    Spells: 3/7 levels left

rFire    . . .     SeeInvis +     - Unarmed
rCold    . . .     Faith    .   (no shield)
rNeg     . . .     Spirit   .   (helmet currently unavailable)
rPois    .         Reflect  .   (no amulet)
rElec    .         Harm     .   d - ring of resist corrosion
rCorr    +         Rampage  .   m - ring of see invisible
Will     .....                  (no ring)
Stlth    +++.......             (no ring)
HPRegen  0.09/turn              (no ring)
MPRegen  0.10/turn              (no ring)
                                (no ring)
                                (no ring)

@: appendages (expiring)
A: tentacle spike 3, almost no armour, amphibious, 8 rings, camouflage 1,
gelatinous body 1, (nimble swimmer 1), tentacles
a: End Transformation


You were on level 4 of the Dungeon.
One of your tentacles had grown a beastly spike.
You visited 1 branch of the dungeon, and saw 4 of its levels.

You collected 108 gold pieces.

Inventory:

Jewellery
 d - a ring of resist corrosion (left tentacle)
 m - a ring of see invisible (right tentacle)
Scrolls
 b - 4 scrolls of enchant armour
 f - a scroll of fear
 h - a scroll of acquirement {unknown}
 i - a scroll of immolation {unknown}
 j - 2 scrolls of fog {unknown}
 k - a scroll of blinking {unknown}
 l - 2 scrolls of identify
 n - a scroll of magic mapping {unknown}
Potions
 a - a potion of degeneration
 c - a potion of brilliance
 e - a potion of might {unknown}


   Skills:
 + Level 1.1 Fighting
 + Level 2.3 Dodging
 + Level 2.0 Stealth
 + Level 3.8 Unarmed Combat
 + Level 2.3 Spellcasting
 + Level 2.5 Transmutations


You had 3 spell levels left.
You knew the following spells:

 Your Spells              Type           Power      Damage    Failure   Level
a - Beastly Appendage     Tmut           20%        N/A       7%          1
b - Spider Form           Tmut/Pois      3%         N/A       34%         3

Your spell library contained the following spells:

 Spells                   Type           Power      Damage    Failure   Level
 Wereblood                Tmut           10%        N/A       11%         2
 Sting                    Tmut/Pois      24%        1d4       12%         1
 Animate Skeleton         Necr           2%         N/A       21%         1
 Apportation              Tloc           2%         N/A       21%         1
 Corona                   Hex            1%         N/A       21%         1
 Summon Small Mammal      Summ           4%         N/A       21%         1
 Poisonous Vapours        Pois/Air       2%         N/A       30%         2
 Ice Form                 Ice/Tmut       6%         N/A       75%         4
 Olgreb's Toxic Radiance  Pois           1%         N/A       89%         4
 Alistair's Intoxication  Tmut/Pois      4%         N/A       97%         5
 Silence                  Hex/Air        0%         N/A       99%         5
 Invisibility             Hex            0%         N/A       100%        6
 Necromutation            Tmut/Necr      3%         N/A       100%        8


Dungeon Overview and Level Annotations

Branches:
Dungeon (4/15)
 Temple: D:4-7

Altars:
Hepliaklqana
Ru
Vehumet
Wu Jian
Zin
The Shining One

Shops:
D:3 *


Innate Abilities, Weirdness & Mutations

One of your tentacles has grown a beastly spike.
You cannot wear most types of armour.
You are amphibious.
You can wear up to eight rings at the same time.
Your skin changes colour to match your surroundings (Stealth+).
Your rubbery body absorbs attacks. (AC +1, EV +1)
((You are camouflaged near water. (Stealth+)))
You have tentacles for arms and can constrict up to eight enemies at once.


Message History

The gnoll shouts!
The gnoll hits you with a +1 flail of protection!
The gnoll shouts!
You tentacle-slap the gnoll. You squeeze the gnoll.
You kill the gnoll!
Your Stealth skill increases to level 2!
You have reached level 4!
An adder skeleton comes into view.
The gnoll misses you.
You see here a +1 flail of protection.
The gnoll closely misses you.
You tentacle-slap the gnoll. You grab the gnoll.
The gnoll is lightly wounded.
You constrict the gnoll, but do no damage.
The gnoll hits you with a +0 spear.
You tentacle-slap the gnoll.
The gnoll is moderately wounded.
You constrict the gnoll, but do no damage.
The gnoll hits you with a +0 spear!
* * * LOW HITPOINT WARNING * * *
Your magical contamination has completely faded away.
You tentacle-slap the gnoll. You squeeze the gnoll.
You kill the gnoll!
You feel better.
Your transformation is almost over.
The gnoll closely misses you.
You tentacle-slap the gnoll. You grab the gnoll.
You pierce the gnoll.
The gnoll is moderately wounded.
You constrict the gnoll, but do no damage.
The gnoll hits you with a +0 club!
* * * LOW HITPOINT WARNING * * *
You tentacle-slap the gnoll but do no damage.
You pierce the gnoll, but do no damage.
The gnoll is moderately wounded.
You constrict the gnoll, but do no damage.
The gnoll closely misses you.
You barely miss the gnoll.
You pierce the gnoll.
You squeeze the gnoll.
The gnoll is severely wounded.
You constrict the gnoll. The gnoll hits you with a +0 club!
You die...

##
####.#.##########
..........).....#
##...#.##.#####.#
#..... #.#####.###
##..... #.##......#
...(>.###.##.#..#.#
###..Zg@).## #.##.#
##.#######.#.# # #.
#.#.##.# #......#
###.#### #.# ##.##
####...######.
+.............


You could see a gnoll and an adder skeleton.

Vanquished Creatures
  3 gnolls (D:4)
  A dart slug (D:1)
  3 bats
  An endoplasm (D:1)
  2 giant cockroaches (D:1)
  5 goblins
  2 hobgoblins
  4 kobolds
  4 quokkas
  5 ball pythons (D:1)
  2 frilled lizards
  7 rats
39 creatures vanquished.

Notes
Turn   | Place    | Note
-------+----------+-------------------------------------------
     0 | D:1      | lonewolfV2 the Octopode Transmuter began the quest for the
                  | Orb.
     0 | D:1      | Reached XP level 1. HP: 13/13 MP: 3/3
   240 | D:1      | Reached XP level 2. HP: 14/18 MP: 3/5
   320 | D:1      | Found a faded altar of an unknown god.
  1065 | D:1      | Reached XP level 3. HP: 23/23 MP: 4/6
  1076 | D:1      | Learned a level 3 spell: Spider Form
  2280 | D:3      | Found a sacrificial altar of Ru.
  2296 | D:3      | Found a glowing golden altar of the Shining One.
  2299 | D:3      | Found an ornate altar of the Wu Jian Council.
  2302 | D:3      | Found a glowing silver altar of Zin.
  2329 | D:3      | Reached skill level 1 in Stealth
  2532 | D:3      | Found Ryti's Assorted Antiques.
  2632 | D:3      | Found a hazy altar of Hepliaklqana.
  2632 | D:3      | Found a radiant altar of Vehumet.
  2800 | D:3      | Got Sif Muna's Compendium of Captivating Transmutation
  3519 | D:4      | Reached XP level 4. HP: 14/28 MP: 2/7
  3527 | D:4      | Slain by a gnoll

Illustrated notes

Levels and vault maps discovered:
D:1:      sevenhm_arrival_forest_fort_small_4, layout_loops_ring,
          shapermc_ecumenical_altar_venn
D:2:      layout_loops_corners
D:3:      layout_loops_corners, grunt_temple_overflow_cloverleaf,
          gammafunk_temple_overflow_wave, serial_shops, shop
D:4:      layout_loops_corners, mainiacjoe_overflow_alcove_1, enter_ossuary_4,
          uniq_duvessa

Skill      XL: |  1  2  3 |
---------------+----------+-----
Stealth        | 2 |  2.0
Fighting       | |  1.1
Dodging        | |  2.3
Unarmed Combat | |  3.8
Spellcasting   | |  2.3
Transmutations | |  2.5

Action                   |  1- 3 |  4- 6 || total
-------------------------+-------+-------++-------
Melee: Unarmed           |    73 |     6 ||    79
       Constrict         |    25 |     2 ||    27
       Kick              |    18 |     3 ||    21
       Tentacles         |    14 |     2 ||    16
       Punch             |     1 |       ||     1
 Cast: Beastly Appendage |    32 |       ||    32
       Spider Form       |     1 |       ||     1
  Use: Scroll            |     7 |       ||     7
       Potion            |       |     1 ||     1
 Stab: Sleeping          |     7 |       ||     7
       Distracted        |     1 |       ||     1
Armor: Skin              |     7 |       ||     7
Dodge: Dodged            |    52 |     4 ||    56
